 Dungeon Crawl Stone Soup version 0.25-a0-163-g00f8f0cddd (webtiles) character file.

Game seed: 7317639503446886832, levelgen mode: deterministic

239 D1HalberdGnoll the Charlatan (level 6, -7/46 HPs)
             Began as a Human Artificer on Nov 22, 2019.
             Killed by nerve-wracking pain
             ... invoked by an orc priest
              (11 damage)
             ... on level 5 of the Dungeon.
             The game lasted 00:06:32 (4570 turns).

D1HalberdGnoll the Charlatan (Human Artificer)      Turns: 4570, Time: 00:06:33

Health: -7/46      AC: 10    Str: 14    XL:     6   Next: 29%
Magic:  9/9        EV: 10    Int: 11    God:
Gold:   248        SH:  0    Dex: 14    Spells: 5/5 levels left

rFire    x . .     SeeInvis .   a - +0 short sword
rCold    + + .     Gourm    .   (no shield)
rNeg     . . .     Faith    .   m - +0 ice dragon scales
rPois    .         Spirit   .   (no helmet)
rElec    .         Reflect  .   (no cloak)
rCorr    +         Harm     .   (no gloves)
MR       .....                  (no boots)
Stlth    ..........             n - amulet of the acrobat
HPRegen  0.15/turn              q - ring of resist corrosion
MPRegen  0.11/turn              (no ring)

@: no status effects
A: no striking features
a: no special abilities


You were on level 5 of the Dungeon.
You were not hungry.

You visited 1 branch of the dungeon, and saw 5 of its levels.

You collected 248 gold pieces.

Inventory:

Hand Weapons
 a - a +0 short sword (weapon)
Missiles
 v - a throwing net (quivered)
Armour
 m - +0 ice dragon scales (worn)
Jewellery
 n - an amulet of the acrobat (around neck)
 q - a ring of resist corrosion (left hand)
Wands
 c - a wand of flame (11)
 d - a wand of enslavement (9)
 e - a wand of random effects (12)
Scrolls
 l - 5 scrolls of identify
 o - a scroll of immolation {unknown}
 p - a scroll of teleportation {unknown}
 u - a scroll of remove curse {unknown}
Potions
 b - 3 potions of brilliance {unknown}
 g - 5 potions of degeneration {unknown}
 h - a potion of magic {unknown}
 i - 4 potions of might {unknown}
 j - 3 potions of heal wounds {unknown}
 k - a potion of lignification
 r - 3 potions of ambrosia {unknown}
 s - 2 potions of curing {unknown}
 t - a potion of agility {unknown}
Comestibles
 f - 9 rations


   Skills:
 + Level 2.9 Fighting
 - Level 1.0 Short Blades
 + Level 2.5 Armour
 + Level 3.4 Dodging
 - Level 1.0 Stealth
 + Level 4.2 Evocations


You had 5 spell levels left.
You didn't know any spells.
Your spell library was empty.

Dungeon Overview and Level Annotations

Branches:
Dungeon (5/15)
 Temple: D:4-7

Altars:
Gozag
Okawaru
Ru
Vehumet


Message History

Evoke which item? (* to show all) (? for menu, Esc to quit)
Aiming: Throw Flame
Press: ? - help, Shift-Dir - straight line, f/p - orc priest
Aim: an orc priest, wearing a +0 chain mail (severely wounded)
The puff of flame misses the orc priest.
The orc priest hits you but does no damage.
Evoke which item? (* to show all) (? for menu, Esc to quit)
Aiming: Throw Flame
Press: ? - help, Shift-Dir - straight line, f/p - orc priest
Aim: an orc priest, wearing a +0 chain mail (severely wounded)
The puff of flame hits the orc priest.
The orc priest is severely wounded.
The orc priest calls down the wrath of Beogh upon you.
Beogh smites you!
* * * LOW HITPOINT WARNING * * *
You hit the orc priest but do no damage.
The orc priest is severely wounded.
The orc priest invokes the aid of Beogh against you.
Pain shoots through your body!
You die...

########.# #.# #.#
#############.#
###.<...........##
#................##
#.................##
##.................#
#..@..............#
#..o..............# ###
####.......[........#
#....#..................#..
(..w.))...(................
....(.)####................
....... #................
..(.(># ##...............
.....# #...............


You could see an orc priest.

Vanquished Creatures
  A centaur zombie (D:5)
  Ijyb (D:2)
  An iguana (D:4)
  A worker ant (D:4)
  A worker ant zombie (D:5)
  2 gnolls (D:4)
  2 adders (D:2)
  3 worms
  2 dart slugs (D:2)
  A leopard gecko (D:3)
  6 orcs
  6 bats
  3 giant cockroaches
  4 goblins
  5 hobgoblins
  8 jackals
  3 quokkas
  4 frilled lizards
  5 kobolds
  6 rats
65 creatures vanquished.

Vanquished Creatures (collateral kills)
  An adder (D:2)
1 creature vanquished.

Vanquished Creatures (others)
  A gnoll (D:4)
1 creature vanquished.

Grand Total: 67 creatures vanquished

Notes
Turn   | Place    | Note
-------+----------+-------------------------------------------
     0 | D:1      | D1HalberdGnoll the Human Artificer began the quest for the
                  | Orb.
     0 | D:1      | Reached XP level 1. HP: 15/15 MP: 3/3
   267 | D:1      | Reached XP level 2. HP: 18/21 MP: 4/4
   909 | D:2      | Reached skill level 1 in Armour
   909 | D:2      | Reached XP level 3. HP: 26/26 MP: 5/5
  1277 | D:2      | Reached XP level 4. HP: 30/33 MP: 6/6
  1728 | D:3      | Noticed Ijyb
  1787 | D:2      | Killed Ijyb
  2041 | D:3      | Reached XP level 5. HP: 34/38 MP: 7/7
  2138 | D:3      | Found a sacrificial altar of Ru.
  3478 | D:4      | Reached skill level 4 in Evocations
  4068 | D:4      | Found a radiant altar of Vehumet.
  4069 | D:4      | Found an iron altar of Okawaru.
  4121 | D:4      | Found an opulent altar of Gozag.
  4165 | D:5      | Entered Level 5 of the Dungeon
  4210 | D:5      | Reached XP level 6. HP: 46/46 MP: 9/9
  4570 | D:5      | Killed from afar by an orc priest

Levels and vault maps discovered:
D:1:      nzn_arrival_water_spiral, layout_loops_ring
D:2:      layout_loops_ring, first_ration
D:3:      layout_rooms, lemuel_coloured_pillars_altar,
          small_statue_intersection, uniq_ijyb
D:4:      layout_basic, kennysheep_mini, gammafunk_temple_overflow_pools
D:5:      layout_cave_pods, serial_shops, shop

Skill      XL: |  1  2  3  4  5 |
---------------+----------------+-----
Armour         | 1 2 |  2.5
Fighting       | 2 |  2.9
Dodging        | 3 |  3.4
Evocations     | 4 |  4.2
Short Blades   | |  1.0
Stealth        | |  1.0

Action                   |  1- 3 |  4- 6 || total
-------------------------+-------+-------++-------
Melee: Short sword       |   148 |   462 ||   610
Throw: Dart              |       |     7 ||     7
       Throwing net      |       |     1 ||     1
Evoke: Wand              |     3 |    19 ||    22
  Use: Scroll            |       |     1 ||     1
       Potion            |       |     1 ||     1
  Eat: Chunk             |     1 |     8 ||     9
       Ration            |       |     1 ||     1
Armor: Leather armour    |     7 |       ||     7
       Ice dragon scales |    97 |   192 ||   289
       Skin              |       |    41 ||    41
Dodge: Dodged            |    99 |   225 ||   324

Table legend:
 A = Non-vault XP
 B = Vault XP
 C = Vault XP percentage of total XP
 D = Non-vault monster count
 E = Vault monster count
 F = Vault count percentage of total count
                 A         B        C        D         E       F
            +---------+---------+-------+---------+---------+-------
      Total |     306 |      36 |  10.5 |      65 |       1 |   1.5
            +---------+---------+-------+---------+---------+-------
        D:1 |      26 |       0 |   0.0 |      16 |       0 |   0.0
        D:2 |      69 |      36 |  34.3 |      20 |       1 |   4.8
        D:3 |      24 |       0 |   0.0 |      13 |       0 |   0.0
        D:4 |     106 |       0 |   0.0 |       8 |       0 |   0.0
        D:5 |      81 |       0 |   0.0 |       8 |       0 |   0.0
            +---------+---------+-------+---------+---------+-------
